[Event "Titled Tuesday Blitz November 07 Early 2023"]
[White "Bogaudinov, Rushan"]
[Black "Ozates, Tuna"]
[WhiteFideId "4129288"]
[BlackFideId "6354521"]
[WhiteElo "2295"]
[BlackElo "2621"]
[Result "1-0"]
[Round "1"]
[TimeControl "180+1"]
[Date "2023.11.07"]
[WhiteClock "0:00:02"]
[BlackClock "0:00:11"]
[Board "182"]

1. e4 e5 2. Nc3 Nf6 3. g3 Bc5 4. Bg2 a5 5. d3 d6 6. Nge2 h5 7. h3 Nc6 8. Bg5 Be6 9. Qd2 Qd7 10. a3 Ng8 11. Be3 Bxe3 12. Qxe3 Nge7 13. d4 exd4 14. Nxd4 Nxd4 15. Qxd4 O-O 16. Qe3 b5 17. Qg5 b4 18. Ne2 Rab8 19. axb4 Rb5 20. Qd2 Rxb4 21. Rxa5 Rxb2 22. O-O Bxh3 23. Rxh5 Bxg2 24. Kxg2 Ng6 25. Rfh1 Qc6 26. Nc3 Re8 27. Qd3 Rb4 28. f3 Rc4 29. Nd5 Rxc2+ 30. Kh3 Qd7+ 31. Rf5 Ra2 32. Qd4 Re5 33. g4 Ra3 34. Qb4 Ra8 35. Kg3 Rxf5 36. gxf5 Ne5 37. Qb7 Re8 38. Qxc7 Qb5 39. Ne7+ Kf8 40. Rh8# 1-0


[Site "https://www.chess.com"]

[Event "Titled Tuesday Blitz November 07 Early 2023"]
[White "Belov, Alexei"]
[Black "Balla, Tamas-Kristof"]
[WhiteFideId "4128206"]
[BlackFideId "1208497"]
[WhiteElo "2619"]
[BlackElo "2294"]
[Result "1-0"]
[Round "1"]
[TimeControl "180+1"]
[Date "2023.11.07"]
[WhiteClock "0:00:13"]
[BlackClock "0:00:06"]
[Board "183"]

1. e4 c5 2. Nf3 Nc6 3. d4 cxd4 4. Nxd4 e5 5. Nb5 d6 6. Bc4 Be7 7. O-O Nf6 8. Bg5 Be6 9. Bd5 O-O 10. Bxf6 gxf6 11. a4 a6 12. N5c3 Kh8 13. Nd2 f5 14. exf5 Bxf5 15. Nc4 Rc8 16. Ne3 Bg6 17. Bb3 f5 18. Ned5 Nd4 19. f4 b5 20. axb5 axb5 21. Ra7 Bf6 22. Nxf6 Qxf6 23. Nd5 Qh4 24. c3 Nc6 25. Rb7 Bh5 26. Qd2 e4 27. Ne3 Qf6 28. Rxb5 Bf7 29. Rxf5 Qg6 30. Bxf7 Rxf7 31. Rxf7 Qxf7 32. Qxd6 Qb7 33. b4 Rd8 34. Qc5 Ne7 35. f5 Rc8 36. Qe5+ Kg8 37. Qe6+ Kh8 38. Qf7 Qa7 39. Re1 Rxc3 40. f6 1-0


[Site "https://www.chess.com"]

[Event "Titled Tuesday Blitz November 07 Early 2023"]
[White "Garrido, Denis"]
[Black "Stepanencu, Nicodim-Cosmin"]
[WhiteFideId "601217"]
[BlackFideId "1256220"]
[WhiteElo "2290"]
[BlackElo "2616"]
[Result "0-1"]
[Round "1"]
[TimeControl "180+1"]
[Date "2023.11.07"]
[WhiteClock "0:00:56"]
[BlackClock "0:00:28"]
[Board "184"]

1. e4 e6 2. d4 d5 3. e5 c5 4. c3 Nc6 5. Nf3 Qb6 6. Bd3 Bd7 7. O-O Nge7 8. dxc5 Qxc5 9. Be3 Qa5 10. b4 Qc7 11. Re1 Ng6 12. Bxg6 hxg6 13. Bf4 Be7 14. Nbd2 a5 15. b5 Na7 16. a3 Nxb5 17. c4 dxc4 18. Rc1 Nxa3 19. Ne4 b5 20. Nd6+ Bxd6 21. exd6 Qc5 22. Be3 Qh5 23. Qd4 f6 24. Qb6 b4 25. Nd4 Qxh2+ 26. Kf1 c3 27. Qb7 Rc8 28. Nxe6 Bb5+ 0-1


[Site "https://www.chess.com"]

[Event "Titled Tuesday Blitz November 07 Early 2023"]
[White "Adewumi, Tanitoluwa"]
[Black "Martin, Lewis"]
[WhiteFideId "30966396"]
[BlackFideId "410551"]
[WhiteElo "2615"]
[BlackElo "2290"]
[Result "1-0"]
[Round "1"]
[TimeControl "180+1"]
[Date "2023.11.07"]
[WhiteClock "0:02:01"]
[BlackClock "0:01:54"]
[Board "185"]

1. e4 c6 2. d4 d5 3. exd5 cxd5 4. Bd3 Nc6 5. c3 Nf6 6. Bf4 g6 7. Nf3 Bg4 8. Nbd2 Bg7 9. O-O O-O 10. Re1 e6 11. Qb3 Bxf3 12. Nxf3 Na5 13. Qb5 a6 14. Qb4 b5 15. a4 Nc6 16. Qc5 bxa4 17. Qxc6 1-0


[Site "https://www.chess.com"]

[Event "Titled Tuesday Blitz November 07 Early 2023"]
[White "Garic, Radomir"]
[Black "Ambartsumova, Karina"]
[WhiteFideId "920959"]
[BlackFideId "4166299"]
[WhiteElo "2289"]
[BlackElo "2615"]
[Result "1/2-1/2"]
[Round "1"]
[TimeControl "180+1"]
[Date "2023.11.07"]
[WhiteClock "0:00:07"]
[BlackClock "0:00:34"]
[Board "186"]

1. e4 e5 2. Nf3 Nc6 3. Nc3 Nf6 4. Bb5 Bc5 5. O-O Qe7 6. Bxc6 dxc6 7. d3 h6 8. Be3 O-O 9. Nd2 Bg4 10. Qb1 Bxe3 11. fxe3 Qc5 12. Qe1 Be6 13. Nb3 Qe7 14. Qh4 a5 15. a4 Bxb3 16. cxb3 Rad8 17. Rad1 Qe6 18. d4 Rfe8 19. dxe5 Rxd1 20. Rxd1 Ng4 21. Rd8 Nxe5 22. Rxe8+ Qxe8 23. Qf4 Qe6 24. h3 f6 25. Qf5 Qxf5 26. exf5 Nd3 27. Ne4 b6 28. Nd2 Nxb2 29. Kf2 Nd3+ 30. Kf3 Kf7 31. Ke4 Nc5+ 32. Kf4 b5 33. axb5 cxb5 34. g4 a4 35. bxa4 bxa4 36. Nc4 Ke7 37. e4 Nd3+ 38. Ke3 Ne5 39. Nxe5 fxe5 40. Kd3 Kf6 41. h4 Ke7 42. g5 h5 43. Kc4 c5 44. Kc3 Kd6 45. Kc4 Kd7 46. Kc3 Ke7 47. Kc4 Ke8 48. Kc3 Kf8 49. Kc4 Kf7 50. Kc3 Kg8 51. Kc4 Kf8 52. Kc3 Ke7 53. Kc4 Kd6 54. Kc3 Kd7 55. Kc4 Ke7 56. Kc3 g6 57. f6+ Ke6 58. Kc4 Kf7 59. Kc3 Kf8 60. Kc4 Ke8 61. Kc3 Kf7 62. Kc4 Ke6 63. Kc3 Kd6 64. Kc4 Kd7 65. Kc3 Ke8 66. Kc4 Kf7 67. Kc3 Kf8 68. Kc4 Kf7 1/2-1/2


[Site "https://www.chess.com"]

[Event "Titled Tuesday Blitz November 07 Early 2023"]
[White "Kvaloy, Aksel Bu"]
[Black "ilya2700"]
[WhiteFideId "1528815"]
[WhiteElo "2613"]
[BlackElo "2288"]
[Result "1-0"]
[Round "1"]
[TimeControl "180+1"]
[Date "2023.11.07"]
[WhiteClock "0:01:21"]
[BlackClock "0:00:34"]
[Board "187"]

1. d4 Nf6 2. Nf3 g6 3. Bg5 Bg7 4. Nbd2 d5 5. e3 O-O 6. c3 c5 7. Be2 Nc6 8. O-O Bf5 9. h3 Ne4 10. Bf4 Re8 11. Nxe4 dxe4 12. Ne5 Nxe5 13. Bxe5 Bxe5 14. dxe5 Qxd1 15. Rfxd1 Rad8 16. g4 Be6 17. h4 f6 18. exf6 exf6 19. Kg2 Kf7 20. Kg3 Rxd1 21. Rxd1 Bxa2 22. Ra1 Be6 23. Rxa7 Re7 24. g5 f5 25. Kf4 Rd7 26. Bb5 Rc7 27. Ke5 Ke7 28. Ba6 Bc8 29. Bc4 Kd8 30. Ra8 Ke7 31. Bd5 b5 32. b3 b4 33. c4 Kd8 34. Kd6 Rd7+ 35. Kxc5 Kc7 36. Ra7+ Kb8 37. Rxd7 Bxd7 38. Kxb4 1-0


[Site "https://www.chess.com"]

[Event "Titled Tuesday Blitz November 07 Early 2023"]
[White "Napoli, Nicolo"]
[Black "Manukyan, Sargis A."]
[WhiteFideId "813702"]
[BlackFideId "13303970"]
[WhiteElo "2286"]
[BlackElo "2612"]
[Result "0-1"]
[Round "1"]
[TimeControl "180+1"]
[Date "2023.11.07"]
[WhiteClock "0:00:00"]
[BlackClock "0:00:15"]
[Board "188"]

1. e4 c5 2. c3 d5 3. exd5 Qxd5 4. d4 Nf6 5. Nf3 Bg4 6. Be2 Nc6 7. O-O e6 8. Na3 cxd4 9. Nb5 Qd8 10. Nbxd4 Nxd4 11. Nxd4 Bxe2 12. Qxe2 Be7 13. Qb5+ Qd7 14. Rd1 Qxb5 15. Nxb5 O-O 16. Be3 a6 17. Nd6 b5 18. Nb7 Nd5 19. Bc5 Bxc5 20. Nxc5 Rfc8 21. Nd7 Rc7 22. Ne5 Rac8 23. a3 f6 24. Nd3 Kf7 25. Nb4 Nxb4 26. axb4 Rc6 27. Rd7+ Kg6 28. Rad1 e5 29. R1d3 R8c7 30. Rg3+ Kh6 31. Rd8 g6 32. h4 f5 33. Rgd3 e4 34. R3d5 Re6 35. R8d6 Rxd6 36. Rxd6 Ra7 37. Rb6 Kh5 38. g3 Kg4 39. Kg2 Rd7 40. Rxa6 Rd2 41. Re6 Rxb2 42. Re5 Rc2 43. Re7 h6 44. Re6 g5 45. hxg5 hxg5 46. Re5 Rxc3 47. Rxb5 Rc2 48. Rc5 Rb2 49. Rc4 Rb3 50. Rd4 Rc3 51. b5 Rb3 52. Rd5 Rb4 53. Rc5 Rb1 54. Re5 Rb2 55. Rc5 e3 56. Rc4+ f4 57. gxf4 gxf4 58. Kg1 Rxf2 59. Rb4 Rc2 60. Rb1 Kg3 61. b6 Rg2+ 62. Kh1 Rh2+ 63. Kg1 f3 0-1


[Site "https://www.chess.com"]

[Event "Titled Tuesday Blitz November 07 Early 2023"]
[White "Lamaze, Simon"]
[Black "Lesbekova, Assel"]
[WhiteFideId "36069264"]
[BlackFideId "13713248"]
[WhiteElo "2611"]
[BlackElo "2284"]
[Result "1-0"]
[Round "1"]
[TimeControl "180+1"]
[Date "2023.11.07"]
[WhiteClock "0:02:03"]
[BlackClock "0:01:31"]
[Board "189"]

1. e4 e5 2. Nf3 Nf6 3. Nxe5 Nxe4 4. Qe2 Qe7 5. Qxe4 d6 6. d4 dxe5 7. dxe5 Nc6 8. Nc3 Qxe5 9. Qxe5+ Nxe5 10. Nb5 Bb4+ 11. c3 Ba5 12. Bf4 f6 13. Bxe5 fxe5 14. Na3 c6 15. Bd3 O-O 16. Nc4 Bc7 17. f3 b5 18. Nd2 Bf5 19. Bxf5 Rxf5 20. Ne4 Rd8 21. Ke2 Rf7 22. Rad1 Rfd7 23. Rxd7 Rxd7 24. Ra1 a5 25. a4 Rd5 26. b3 Kf7 27. h4 h6 28. h5 Ke6 29. g4 b4 30. c4 Rd4 31. Rd1 Rxd1 32. Kxd1 Bb6 33. Ke2 Bd4 34. Kd3 c5 35. Ng3 Kf6 36. Ke4 Kg5 37. Nf5 g6 38. hxg6 Kxg6 39. Ne7+ Kf6 40. Nc6 Ke6 41. Nxa5 Kd7 42. Kd5 Kc7 43. Nc6 1-0


[Site "https://www.chess.com"]

[Event "Titled Tuesday Blitz November 07 Early 2023"]
[White "LeoWin2012"]
[Black "Tasev, Dejan"]
[BlackFideId "936618"]
[WhiteElo "2282"]
[BlackElo "2610"]
[Result "1/2-1/2"]
[Round "1"]
[TimeControl "180+1"]
[Date "2023.11.07"]
[WhiteClock "0:00:17"]
[BlackClock "0:00:30"]
[Board "190"]

1. e4 c5 2. Nf3 Nc6 3. d4 cxd4 4. Nxd4 g6 5. c4 Bg7 6. Be3 d6 7. Nc3 Nf6 8. f3 O-O 9. Qd2 Bd7 10. Be2 a6 11. O-O Rc8 12. Rfd1 Nxd4 13. Bxd4 Be6 14. b3 Nd7 15. Rac1 Bxd4+ 16. Qxd4 Qb6 17. Qxb6 Nxb6 18. Nd5 Bxd5 19. cxd5 Rxc1 20. Rxc1 Rc8 21. Rxc8+ Nxc8 22. Kf2 Kf8 23. Ke3 Ke8 24. Kd4 Kd7 25. f4 Kc7 26. Bg4 Nb6 27. e5 h6 28. e6 f5 29. Bf3 Kd8 30. h3 Ke8 31. g4 fxg4 32. hxg4 Kf8 33. g5 Kg7 34. a4 Na8 35. b4 b6 36. Be2 a5 37. b5 h5 38. Bf3 Nc7 39. Bg2 Ne8 40. Bh3 Kh7 41. f5 gxf5 42. Bxf5+ Kg7 43. Ke4 Nc7 44. Kd4 Ne8 45. Be4 h4 46. Ke3 Kg8 47. Kf3 Ng7 48. Kg4 Kf8 49. Kxh4 Kg8 50. g6 Ne8 51. Kg5 Kg7 52. Bf3 Nf6 53. Bg2 Ne8 54. Bf3 Nc7 55. Be4 Ne8 56. Bf3 1/2-1/2


[Site "https://www.chess.com"]

[Event "Titled Tuesday Blitz November 07 Early 2023"]
[White "Tregubov, Pavel V."]
[Black "Smietanska, Wiktoria"]
[WhiteFideId "4115341"]
[BlackFideId "21869359"]
[WhiteElo "2609"]
[BlackElo "2277"]
[Result "1-0"]
[Round "1"]
[TimeControl "180+1"]
[Date "2023.11.07"]
[WhiteClock "0:00:52"]
[BlackClock "0:00:00"]
[Board "191"]

1. e4 c5 2. Nf3 d6 3. Bb5+ Nd7 4. Ba4 Nf6 5. O-O g6 6. Re1 Bg7 7. c3 O-O 8. d4 a6 9. h3 b5 10. Bb3 Bb7 11. e5 dxe5 12. dxe5 Ne4 13. e6 Ndf6 14. exf7+ Kh8 15. Nbd2 c4 16. Bc2 Nxd2 17. Bxd2 Rxf7 18. Ng5 Rf8 19. Bf4 Bd5 20. Ne6 Bxe6 21. Rxe6 Qxd1+ 22. Rxd1 Rfe8 23. g4 Kg8 24. g5 Nh5 25. Be3 Kf7 26. Rb6 Be5 27. Be4 Rad8 28. Rd5 Rxd5 29. Bxd5+ 1-0


[Site "https://www.chess.com"]

[Event "Titled Tuesday Blitz November 07 Early 2023"]
[White "De Souza, Cristiano Gomes"]
[Black "Golubev, Mikhail"]
[WhiteFideId "2151758"]
[BlackFideId "14100983"]
[WhiteElo "2277"]
[BlackElo "2608"]
[Result "0-1"]
[Round "1"]
[TimeControl "180+1"]
[Date "2023.11.07"]
[WhiteClock "0:00:08"]
[BlackClock "0:01:49"]
[Board "192"]

1. d4 Nf6 2. c4 g6 3. Nc3 Bg7 4. e4 d6 5. Nf3 O-O 6. Be2 e5 7. O-O Nc6 8. d5 Ne7 9. Ne1 Ne8 10. Be3 f5 11. f3 f4 12. Bf2 g5 13. Nd3 Ng6 14. c5 Rf7 15. Rc1 Bf8 16. Qd2 Nf6 17. Rc2 g4 18. Rfc1 g3 19. hxg3 fxg3 20. Bxg3 Nh5 21. Bf2 Ngf4 22. Nxf4 Nxf4 23. cxd6 cxd6 24. Bf1 Bh6 25. Be3 Rg7 26. Nb5 Bd7 27. Nxd6 Qh4 28. Rc7 Nh3+ 29. Kh1 Ng5+ 30. Kg1 Nxf3# 0-1


[Site "https://www.chess.com"]

[Event "Titled Tuesday Blitz November 07 Early 2023"]
[White "Lewicki, Miroslaw"]
[Black "Kohler, Aran"]
[WhiteFideId "1113380"]
[BlackFideId "1002856"]
[WhiteElo "2607"]
[BlackElo "2274"]
[Result "0-1"]
[Round "1"]
[TimeControl "180+1"]
[Date "2023.11.07"]
[WhiteClock "0:00:00"]
[BlackClock "0:00:01"]
[Board "193"]

1. g3 c6 2. Bg2 d5 3. Nf3 Nf6 4. O-O Bg4 5. d4 Nbd7 6. Ne5 Bh5 7. f4 e6 8. Nc3 Nxe5 9. fxe5 Nd7 10. Qd2 Bg6 11. e4 c5 12. exd5 cxd4 13. dxe6 fxe6 14. Nb5 Qb6 15. Nxd4 Bc5 16. c3 O-O-O 17. b4 Bxd4+ 18. Qxd4 Qxd4+ 19. cxd4 Nb6 20. Bb2 Kb8 21. Rac1 Nd5 22. Bh3 Nxb4 23. Rc4 Nd3 24. Bc3 Rc8 25. Bxe6 Rxc4 26. Bxc4 Rc8 27. Bxd3 Bxd3 28. Rc1 Bc4 29. a3 Bd5 30. Kf2 Rf8+ 31. Ke3 Rf3+ 32. Ke2 Rf7 33. Bb4 b6 34. Bd6+ Kb7 35. Rc3 g5 36. Re3 g4 37. e6 Rf6 38. e7 Bc6 39. d5 Be8 40. Bf4 Rf5 41. d6 Kc6 42. Kd3 Rd5+ 43. Kc3 Kd7 44. Kc4 Rc5+ 45. Kd4 Bf7 46. Kd3 Bg6+ 47. Kd2 Rd5+ 48. Kc3 Rc5+ 49. Kb2 Be8 50. Rd3 Bg6 51. Rd2 Bf7 52. Rd4 h5 53. a4 Be8 54. Kb3 a6 55. Bd2 b5 56. a5 Rf5 57. Bb4 Rf3+ 58. Kb2 Rf2+ 59. Kc1 Rxh2 60. Rd5 Rh1+ 61. Kd2 Rh2+ 62. Ke3 Rb2 63. Bc5 Rb3+ 64. Kd4 Rxg3 65. Bb6 Ra3 66. Bc7 Ra4+ 67. Kc3 g3 68. Rg5 Ra3+ 69. Kd4 h4 70. Kd5 Re3 71. Bb6 Rd3+ 72. Ke5 h3 0-1


[Site "https://www.chess.com"]

[Event "Titled Tuesday Blitz November 07 Early 2023"]
[White "Vifleemskaia, Svetlana"]
[Black "Feuerstack, Aljoscha"]
[WhiteFideId "4129490"]
[BlackFideId "4681932"]
[WhiteElo "2271"]
[BlackElo "2607"]
[Result "1-0"]
[Round "1"]
[TimeControl "180+1"]
[Date "2023.11.07"]
[WhiteClock "0:01:55"]
[BlackClock "0:00:08"]
[Board "194"]

1. d4 Nf6 2. c4 c5 3. d5 b5 4. Nd2 d6 5. b3 g6 6. Bb2 Bg7 7. e4 O-O 8. cxb5 Qa5 9. Qc2 a6 10. Bc3 Qc7 11. a4 axb5 12. Bxb5 Ba6 13. Bxa6 Nxa6 14. Ngf3 Rfb8 15. O-O Nb4 16. Bxb4 Rxb4 17. Nc4 Rab8 18. Ra3 Nd7 19. a5 Qb7 20. a6 Qc8 21. a7 Ra8 22. Na5 Rb6 23. Nc6 Rxc6 24. dxc6 Qxc6 25. Qc4 Qb7 26. Qa6 Qxe4 27. h3 Bf6 28. Re1 Qb4 29. Qc6 Nb6 30. Ra6 1-0


[Site "https://www.chess.com"]

[Event "Titled Tuesday Blitz November 07 Early 2023"]
[White "Sharapov, Evgeny"]
[Black "Nissinen, Niilo Man"]
[WhiteFideId "14103133"]
[BlackFideId "30950767"]
[WhiteElo "2606"]
[BlackElo "2266"]
[Result "1-0"]
[Round "1"]
[TimeControl "180+1"]
[Date "2023.11.07"]
[WhiteClock "0:00:45"]
[BlackClock "0:00:00"]
[Board "195"]

1. Nh3 Nf6 2. Ng1 e5 3. g3 d5 4. Bg2 Nc6 5. c4 Be6 6. cxd5 Nxd5 7. d3 Be7 8. Nf3 O-O 9. O-O f5 10. Nc3 Kh8 11. Bd2 h6 12. Rc1 Qd7 13. Nxd5 Bxd5 14. Bc3 Qe6 15. b3 Rad8 16. Qc2 e4 17. dxe4 Bxe4 18. Qb2 Bf6 19. Rfd1 Bxc3 20. Qxc3 Rd5 21. Rxd5 Qxd5 22. Qd2 Rd8 23. Qxd5 Rxd5 24. Kf1 Kg8 25. Ke1 Nb4 26. a4 Bc2 27. Nd2 Re5 28. Kf1 c6 29. Bf3 Re7 30. h4 Rd7 31. Ke1 Re7 32. Kf1 Rd7 33. Ke1 Re7 34. Ra1 Bd3 35. Kd1 Be4 36. Nxe4 fxe4 37. Bg4 Nd5 38. Kc2 Rf7 39. Be6 Kf8 40. Bxf7 Kxf7 41. Rd1 Ke6 42. Kd2 Ke5 43. e3 a5 44. Rf1 Kf5 45. f3 exf3 46. Rxf3+ Ke4 47. Rf7 1-0


[Site "https://www.chess.com"]

[Event "Titled Tuesday Blitz November 07 Early 2023"]
[White "Tharushi, T H D Niklesha"]
[Black "Bodnaruk, Anastasia"]
[WhiteFideId "9918264"]
[BlackFideId "4181751"]
[WhiteElo "2266"]
[BlackElo "2606"]
[Result "0-1"]
[Round "1"]
[TimeControl "180+1"]
[Date "2023.11.07"]
[WhiteClock "0:00:11"]
[BlackClock "0:00:31"]
[Board "196"]

1. e4 c5 2. Nf3 d6 3. d4 cxd4 4. Nxd4 Nf6 5. Nc3 a6 6. Bg5 Nbd7 7. f4 Qc7 8. Qf3 b5 9. Bd3 Bb7 10. O-O-O g6 11. Rhe1 Bg7 12. Qg3 O-O 13. Qf2 b4 14. Nb1 Qc5 15. Qg1 Rac8 16. Nb3 Qxg1 17. Rxg1 Nxe4 18. Bxe7 Rfe8 19. Bh4 d5 20. Be1 Bh6 21. g3 g5 22. Bxb4 Ndf6 23. Nc3 gxf4 24. gxf4+ Kh8 25. Ne2 Nf2 26. Bc3 Rxc3 27. bxc3 Nxd3+ 28. Rxd3 Rxe2 29. Nc5 Bc6 30. Rdg3 Bxf4+ 0-1


[Site "https://www.chess.com"]

[Event "Titled Tuesday Blitz November 07 Early 2023"]
[White "Streltsov, Alexey"]
[Black "LionKing2367890"]
[WhiteFideId "24104434"]
[WhiteElo "2606"]
[BlackElo "2263"]
[Result "1-0"]
[Round "1"]
[TimeControl "180+1"]
[Date "2023.11.07"]
[WhiteClock "0:01:05"]
[BlackClock "0:01:00"]
[Board "197"]

1. d4 Nf6 2. Nc3 e6 3. e4 d5 4. e5 Nfd7 5. f4 c5 6. Nf3 Nc6 7. Be3 cxd4 8. Nxd4 Bb4 9. Nb5 O-O 10. a3 Be7 11. Bd3 f5 12. exf6 Nxf6 13. O-O a6 14. Nd4 Bc5 15. Be2 Nxd4 16. Bxd4 Qb6 17. Bxc5 Qxc5+ 18. Kh1 b5 19. Bd3 Bb7 20. Ne2 Ng4 21. Nd4 Ne3 22. Qh5 Qxd4 23. Bxh7+ Kh8 24. Bg6+ Kg8 25. Qh7# 1-0


[Site "https://www.chess.com"]

[Event "Titled Tuesday Blitz November 07 Early 2023"]
[White "Kuchava, Ana"]
[Black "Souleidis, Georgios"]
[WhiteFideId "13605348"]
[BlackFideId "4206827"]
[WhiteElo "2262"]
[BlackElo "2604"]
[Result "0-1"]
[Round "1"]
[TimeControl "180+1"]
[Date "2023.11.07"]
[WhiteClock "0:00:00"]
[BlackClock "0:00:39"]
[Board "198"]

1. d4 Nf6 2. Nf3 g6 3. c4 Bg7 4. Nc3 O-O 5. e4 d6 6. Be2 e5 7. O-O Bg4 8. Be3 Bxf3 9. Bxf3 exd4 10. Bxd4 Nc6 11. Be3 Re8 12. Re1 Nd7 13. Qd2 Bxc3 14. Qxc3 Qf6 15. Qxf6 Nxf6 16. Bg5 Kg7 17. Rad1 Nd7 18. g3 a5 19. Bg2 f6 20. Bc1 Re7 21. f3 a4 22. Kf2 Nde5 23. Bf1 Na5 24. Rd4 Nec6 25. Rdd1 Nb4 26. Bd2 Nac6 27. Bxb4 Nxb4 28. a3 Nc6 29. Rd2 b6 30. Red1 Na5 31. Rd5 Nb3 32. Be2 Nc5 33. R5d2 Rae8 34. Rd5 f5 35. e5 Rxe5 36. Rxe5 Rxe5 37. Rd2 g5 38. Rc2 f4 0-1


[Site "https://www.chess.com"]

[Event "Titled Tuesday Blitz November 07 Early 2023"]
[White "aghasiyevkamal"]
[Black "Dodaro, Mattia"]
[BlackFideId "28583400"]
[WhiteElo "2603"]
[BlackElo "2259"]
[Result "1-0"]
[Round "1"]
[TimeControl "180+1"]
[Date "2023.11.07"]
[WhiteClock "0:02:04"]
[BlackClock "0:02:30"]
[Board "199"]

1. d4 c5 2. d5 e5 3. c4 d6 4. Nc3 g6 5. e4 Bg7 6. Bd3 Ne7 7. h4 h6 8. h5 g5 9. g4 Na6 10. f3 O-O 11. Be3 Bd7 12. Qd2 Nc7 13. Nge2 a6 14. a4 b6 15. O-O Qb8 16. Ng3 Qb7 17. Nf5 Nxf5 18. exf5 Bf6 19. Ne4 Be8 20. Nxf6+ 1-0


[Site "https://www.chess.com"]

[Event "Titled Tuesday Blitz November 07 Early 2023"]
[White "Perdomo, Carlos Andres"]
[Black "Xqswdc"]
[WhiteFideId "4400852"]
[WhiteElo "2601"]
[BlackElo "2257"]
[Result "1-0"]
[Round "1"]
[TimeControl "180+1"]
[Date "2023.11.07"]
[WhiteClock "0:00:26"]
[BlackClock "0:00:01"]
[Board "201"]

1. c4 e5 2. Nc3 Nf6 3. Nf3 Nc6 4. e3 Bb4 5. Qc2 a5 6. Be2 O-O 7. O-O d6 8. Na4 e4 9. Nd4 Ne5 10. f4 exf3 11. Nxf3 Nxf3+ 12. Bxf3 d5 13. c5 b5 14. a3 bxa4 15. axb4 Ba6 16. Re1 Bb5 17. bxa5 c6 18. d4 Re8 19. Bd2 Ne4 20. Bb4 Ng5 21. Be2 Rxe3 22. Bxb5 Rxe1+ 23. Rxe1 cxb5 24. Qd3 Qd7 25. Re5 Ne4 26. a6 f6 27. Rxe4 dxe4 28. Qxe4 Rxa6 29. d5 Kf7 30. c6 Qe8 31. Qd3 Qe5 32. Bc3 Qd6 33. Qxb5 Ra8 34. Qb7+ Qe7 35. Qxa8 Qe3+ 36. Kf1 Qc1+ 37. Ke2 Qc2+ 38. Ke3 Qc1+ 39. Kd3 Qf1+ 40. Kd4 Qf2+ 41. Kc4 Qe2+ 42. Kb4 Qxb2+ 43. Bxb2 1-0


[Site "https://www.chess.com"]

[Event "Titled Tuesday Blitz November 07 Early 2023"]
[White "Hon, Eric"]
[Black "Herzog2012"]
[WhiteFideId "2097117"]
[WhiteElo "2252"]
[BlackElo "2595"]
[Result "0-1"]
[Round "1"]
[TimeControl "180+1"]
[Date "2023.11.07"]
[WhiteClock "0:00:03"]
[BlackClock "0:00:21"]
[Board "202"]

1. e3 d5 2. f4 g6 3. Nf3 Bg7 4. d4 Nf6 5. Bd3 Bf5 6. O-O Nbd7 7. Bxf5 gxf5 8. Ne5 e6 9. Nd2 c6 10. Ndf3 Ne4 11. Bd2 Nxe5 12. Nxe5 Bxe5 13. fxe5 Qg5 14. Rf4 O-O-O 15. Qe2 h5 16. Kh1 h4 17. Rxe4 dxe4 18. Rf1 h3 19. g3 Qg4 20. Qxg4 fxg4 21. Bb4 Rh5 22. Rxf7 Rf5 23. Rxf5 exf5 24. Kg1 b6 25. Be7 Re8 26. Bg5 c5 27. Kf2 Kd7 28. c3 Ke6 29. Bf6 Kd5 30. b3 b5 31. Ke2 Rc8 32. Kd2 a5 33. Be7 cxd4 34. exd4 b4 35. cxb4 axb4 36. Bxb4 Kxd4 37. e6 e3+ 38. Kd1 f4 39. gxf4 g3 0-1


[Site "https://www.chess.com"]

[Event "Titled Tuesday Blitz November 07 Early 2023"]
[White "Van Dael, Siem"]
[Black "Ruge, Edison"]
[WhiteFideId "1049771"]
[BlackFideId "4401000"]
[WhiteElo "2591"]
[BlackElo "2251"]
[Result "0-1"]
[Round "1"]
[TimeControl "180+1"]
[Date "2023.11.07"]
[WhiteClock "0:00:29"]
[BlackClock "0:00:44"]
[Board "203"]

1. e4 e5 2. Nf3 Nc6 3. Bc4 Be7 4. c3 Nf6 5. d4 d6 6. d5 Nb8 7. Nbd2 O-O 8. h3 Kh8 9. Bd3 a5 10. a3 Ng8 11. Nf1 f5 12. Ng3 f4 13. Ne2 Na6 14. b4 Nb8 15. Bd2 b6 16. Neg1 Ba6 17. b5 Bc8 18. Nh2 Nd7 19. c4 Nc5 20. Bc2 Nf6 21. Qe2 Qe8 22. Ng4 Qg6 23. Nxf6 Qxg2 24. Nxh7 Kxh7 25. O-O-O Qxh1 26. Qh5+ Kg8 27. Kb1 Qg2 28. Qe2 Qg6 29. Nf3 Qh5 30. Rh1 Bd7 31. Bd1 a4 32. Ka2 Nb3 33. Bc3 Nc1+ 34. Kb2 Nxe2 35. Bxe2 Qg6 36. Rg1 Qxe4 0-1


[Site "https://www.chess.com"]

[Event "Titled Tuesday Blitz November 07 Early 2023"]
[White "Kula, Robert"]
[Black "FREDERICKtheMATE"]
[WhiteFideId "1101218"]
[WhiteElo "2246"]
[BlackElo "2590"]
[Result "1-0"]
[Round "1"]
[TimeControl "180+1"]
[Date "2023.11.07"]
[WhiteClock "0:01:58"]
[BlackClock "0:02:23"]
[Board "204"]

1. d4 Nf6 2. c4 e6 3. Nf3 d5 4. e3 Be7 5. Nc3 O-O 6. Bd3 dxc4 7. Bxc4 a6 8. a4 c5 9. O-O Nc6 10. dxc5 Bxc5 11. Qe2 Qe7 12. b3 b6 13. Bb2 Bb7 14. Rac1 Rac8 15. Bxa6 Nb4 16. Bxb7 Qxb7 17. Nb5 Ne4 18. Rc4 Rfd8 19. Rfc1 Nd3 20. Rf1 Qa6 21. Rxe4 1-0


[Site "https://www.chess.com"]

[Event "Titled Tuesday Blitz November 07 Early 2023"]
[White "GatoRojo150"]
[Black "Sviridova, Vlada"]
[BlackFideId "24109606"]
[WhiteElo "2587"]
[BlackElo "2244"]
[Result "1-0"]
[Round "1"]
[TimeControl "180+1"]
[Date "2023.11.07"]
[WhiteClock "0:01:56"]
[BlackClock "0:00:00"]
[Board "205"]

1. e4 e6 2. d4 d5 3. Nc3 Bb4 4. e5 c5 5. a3 Bxc3+ 6. bxc3 Ne7 7. Qg4 O-O 8. Bd3 Nbc6 9. Nf3 f5 10. Qh3 c4 11. Be2 Qe8 12. Rg1 Bd7 13. g4 f4 14. g5 b5 15. g6 Nxg6 16. Ng5 h6 17. Nf3 Nce7 18. Nh4 Nxh4 19. Qxh4 Nf5 20. Qxf4 Kh8 21. Qg4 Qf7 22. Qh3 a5 23. Bh5 Qe7 24. Bg6 Rab8 25. Bd2 Be8 26. Bxf5 exf5 27. Bxh6 Bg6 28. Rxg6 gxh6 29. Rxh6+ Kg8 30. Rh8+ Kf7 31. Rh7+ Ke8 32. Rxe7+ Kxe7 33. Qh4+ Ke6 34. Qh6+ Kf7 35. Qf6+ Kg8 36. Qg6+ Kh8 37. Ke2 f4 38. Qh6+ 1-0


[Site "https://www.chess.com"]

[Event "Titled Tuesday Blitz November 07 Early 2023"]
[White "Akylbek2021"]
[Black "Kononenko, Dmitry"]
[BlackFideId "14113538"]
[WhiteElo "2241"]
[BlackElo "2587"]
[Result "0-1"]
[Round "1"]
[TimeControl "180+1"]
[Date "2023.11.07"]
[WhiteClock "0:00:01"]
[BlackClock "0:01:21"]
[Board "206"]

1. Nf3 c5 2. d4 cxd4 3. Nxd4 Nf6 4. g3 g6 5. Bg2 Bg7 6. O-O O-O 7. c4 d5 8. Nd2 Nc6 9. Nxc6 bxc6 10. cxd5 cxd5 11. Nf3 Rb8 12. Rb1 Bf5 13. Bf4 Rb7 14. Rc1 Rxb2 15. Qa4 Rb7 16. Nd4 Bd7 17. Qa6 Qb6 18. Qd3 Ne4 19. Rfd1 e6 20. Bxe4 dxe4 21. Qxe4 Ba4 22. Rb1 Bxd1 23. Rxb6 Rxb6 24. Nc6 Kh8 25. Nxa7 Ra6 26. Nb5 Rxa2 27. Nc3 Bxc3 28. e3 Bg7 29. h4 h5 30. Kg2 Bg4 31. Be5 Bxe5 32. Qxe5+ Kg8 33. Qf4 Rc8 34. Kg1 Rc1+ 35. Kg2 Rcc2 0-1


[Site "https://www.chess.com"]